 Dungeon Crawl Stone Soup version 0.18.1-50-g88ac8fd (webtiles) character file.

49 KarmaPolice the Cutter (level 3, 0/24 HPs)
             Began as a High Elf Gladiator on Oct 4, 2016.
             Killed from afar by an orc wizard (8 damage)
             ... with a magic dart
             ... on level 3 of the Dungeon.
             The game lasted 00:14:19 (1770 turns).

KarmaPolice the Cutter (High Elf Gladiator)         Turns: 1770, Time: 00:14:20

Health: 0/24       AC:  4    Str: 14    XL:     3   Next: 53%
Magic:  4/4        EV: 13    Int: 12    God:
Gold:   71         SH:  0    Dex: 16    Spells: 0 memorised, 2 levels left

rFire  . . .     SeeInvis .     a - +1 rapier
rCold  . . .     Gourm    .     b - +0 leather armour
rNeg   . . .     Faith    .     (no shield)
rPois  .         Spirit   .     c - +0 helmet
rElec  .         Dismiss  .     (no cloak)
rCorr  .         Reflect  .     (no gloves)
SustAt .         Harm     .     (no boots)
MR     .....                    I - amulet of rage
Stlth  +.........               (no ring)
                                (no ring)

@: slowed, very slow, not resistant to hostile enchantments, very unstealthy
A: no striking features
a: Evoke Berserk Rage


You were on level 3 of the Dungeon.
You were not hungry.

You visited 1 branch of the dungeon, and saw 3 of its levels.

You collected 71 gold pieces.

Inventory:

Hand Weapons
 a - a +1 rapier (weapon)
 i - a +0 dagger
 k - a cursed +0 club
 m - a +0 dagger
 v - a +0 club
 y - a +0 mace
 C - a +0 vampiric dagger
 E - a +0 short sword
 J - a +0 dagger
Missiles
 d - 3 throwing nets (quivered)
 e - 41 arrows
 l - 57 stones
 o - 17 sling bullets
 s - 36 bolts
 t - 22 poisoned needles
Armour
 b - a +0 leather armour (worn)
 c - a +0 helmet (worn)
 q - a +0 scale mail
 r - a +0 plate armour
 D - a +0 leather armour
 F - a +0 ring mail
 H - a +0 leather armour
Jewellery
 I - an amulet of rage (around neck)
Scrolls
 f - a scroll of fear {unknown}
 h - 2 scrolls of magic mapping
 j - 2 scrolls of remove curse
 p - 2 scrolls of identify
 x - a scroll of teleportation
Potions
 g - a potion of curing {unknown}
 n - a potion of degeneration {unknown}
 w - 2 potions of haste {unknown}
 z - a potion of heal wounds {unknown}
 A - a potion of ambrosia {unknown}
 B - a potion of resistance {unknown}
Comestibles
 G - a meat ration


   Skills:
 * Level 2.2 Fighting
 + Level 4.4 Short Blades
 + Level 2.2 Throwing
 + Level 1.0 Armour
 * Level 3.8 Dodging


You had 2 spell levels left.
You didn't know any spells.

Dungeon Overview and Level Annotations

Branches:
Dungeon (3/15)

Altars:


Message History

Things that are here:
a hand axe; a leather armour; an orc corpse You see here a whip.
The orc wizard casts a spell at you.
You feel yourself slow down.
You hit the orc wizard but do no damage.
The orc wizard gestures at you while chanting.
The magic dart hits you! The orc wizard hits you with a dagger.
The orc wizard casts a spell at you. The magic dart hits you!
You closely miss the orc wizard. The orc wizard barely misses you.
The orc wizard closely misses you.
You closely miss the orc wizard. The orc wizard hits you with a dagger.
The orc wizard gestures wildly while chanting.
The orc wizard blinks!
The orc wizard gestures wildly while chanting.
The orc wizard blinks!
The orc wizard points at you and mumbles some strange words.
The magic dart hits you!
You die...

....)......#####.#.#
..<†.......'.....#.#
...........#######.#
...........# #.#
...........# #o#
...........# #.#
############ #.#
##################)##
................@o).#
#####################


You could see an orc wizard.

Vanquished Creatures
  An ooze (D:1)
  2 worms (D:2)
  2 dart slugs (D:1)
  3 orcs (D:3)
  A ball python (D:2)
  4 goblins
  2 hobgoblins
  2 jackals (D:2)
  8 kobolds
  2 bats
  2 giant newts
  5 rats
34 creatures vanquished.

Notes
Turn   | Place    | Note
--------------------------------------------------------------
     0 | D:1      | KarmaPolice the High Elf Gladiator began the quest for the Orb.
     0 | D:1      | Reached XP level 1. HP: 14/14 MP: 2/2
   170 | D:1      | Reached XP level 2. HP: 19/19 MP: 3/3
   349 | D:1      | Reached skill level 4 in Short Blades
  1020 | D:2      | Reached XP level 3. HP: 24/24 MP: 4/4
  1749 | D:3      | Reached skill level 1 in Armour
  1770 | D:3      | Killed from afar by an orc wizard

Skill      XL: |  1  2  3 |
---------------+----------+-----
Short Blades   | 4 |  4.4
Armour         | 1 |  1.0
Fighting       | |  2.2
Throwing       | |  2.2
Dodging        | |  3.8

Action                   || total
-------------------------++-------
Melee: Rapier            ||   113
  Use: Scroll            ||     6
  Eat: Bread ration      ||     1
Armor: Leather armour    ||    23
Dodge: Dodged            ||    78
